 Dungeon Crawl Stone Soup version 0.30-a0-241-g1121274140 (webtiles) character file.

Game seed: 11352722010616006985

455 Ijustatesigmund the Trooper (level 7, -4/46 HPs)
             Began as a Gargoyle Fighter on Oct 11, 2022.
             Slain by an orc wizard
             ... wielding the +6 long sword of the Open Hand {speed, *Rage *Slow rCorr Stlth+}
              (8 damage)
             ... on level 5 of the Dungeon.
             The game lasted 00:05:34 (3319 turns).

Ijustatesigmund the Trooper (Gargoyle Fighter)      Turns: 3319, Time: 00:05:35

Health: -4/46      AC: 15    Str: 21    XL:     7   Next: 5%
Magic:  7/7        EV:  7    Int:  9    God:
Gold:   203        SH:  4    Dex:  9    Spells: 6/6 levels left

rFire   . . .      SeeInvis .    a - +0 flail
rCold   . . .      Faith    .    c - +0 buckler
rNeg    + . .      Spirit   .    b - +0 chain mail
rPois   ∞          Reflect  .    (no helmet)
rElec   +          Harm     .    s - +0 cloak
rCorr   .          Rampage  .    (no gloves)
Will    .....                    (no boots)
Stlth   ..........               (no amulet)
HPRegen 0.27/turn                (no ring)
MPRegen 0.10/turn                (no ring)

@: mighty
A: sickness immunity, AC +4, negative energy resistance 1, electricity
resistance, torment resistance 1, petrification resistance
a: no special abilities


You were on level 5 of the Dungeon.
You visited 1 branch of the dungeon, and saw 6 of its levels.

You collected 203 gold pieces.

Inventory:

Hand Weapons
 a - a +0 flail (weapon)
Armour
 b - a +0 chain mail (worn)
 c - a +0 buckler (worn)
 s - a +0 cloak (worn)
Jewellery
 k - a ring of wizardry
 m - a ring of wizardry
 v - an amulet of guardian spirit
Wands
 h - a wand of light (16)
Scrolls
 i - a scroll of amnesia
 n - a scroll of teleportation
Potions
 d - 2 potions of might
 e - 3 potions of curing
 f - a potion of invisibility
 g - a potion of heal wounds
 j - 2 potions of magic
 o - a potion of lignification
 p - a potion of attraction
 r - a potion of haste {unknown}
 t - a potion of mutation {unknown}
 u - 2 potions of cancellation {unknown}


   Skills:
 + Level 6.0 Fighting
 + Level 4.9 Maces & Flails
 + Level 4.6 Armour
 - Level 3.2 Shields


You had 6 spell levels left.
You didn't know any spells.
Your spell library contained the following spells:

 Spells                   Type           Power      Damage    Failure   Level
 Magic Dart               Conj           0%         1d3       99%         1
 Call Imp                 Summ           0%         N/A       100%        2
 Mephitic Cloud           Conj/Pois/Air  0%         N/A       100%        3
 Spider Form              Tmut/Pois      0%         N/A       100%        3
 Summon Guardian Golem    Hex/Summ       0%         N/A       100%        3
 Olgreb's Toxic Radiance  Pois           0%         N/A       100%        4
 Iskenderun's Battlesphe  Conj           0%         2d6       100%        5
 Orb of Destruction       Conj           0%         9d5       100%        7
 Spellforged Servitor     Conj/Summ      0%         N/A       100%        7


Dungeon Overview and Level Annotations

Branches:
Dungeon (6/15)
 Temple: D:4-7

Altars:
Qazlal

Shops:
D:1 (   D:4 (


Innate Abilities, Weirdness & Mutations

You are immune to sickness and miasma.
Your stone body is resilient. (AC +4)
You are immune to poison.
You resist negative energy. (rN+)
You are resistant to electric shocks. (rElec)
You are resistant to unholy torment.
You are immune to petrification.


Message History

Deactivating autopickup; reactivate with Ctrl-A.
The magic dart hits you! Something hits you.
The orc wizard hits you but does no damage.
Things that are here:
a +0 flail; a +0 scale mail; an orc corpse You closely miss something.
The orc wizard goes berserk!
You block the orc wizard's attack. Something hits you but does no damage.
The orc wizard barely misses you.
You barely miss something. The orc wizard completely misses you.
You hear some strange, mumbled words.
A magic dart appears from out of thin air!
The magic dart hits you but does no damage.
You block the orc wizard's attack.
The orc wizard attacks as you move away!
The orc wizard closely misses you.
You thump something!
Reactivating autopickup.
You feel a bit more experienced.
Your Fighting skill increases to level 6!
You have reached level 7!
You barely miss the orc wizard.
The orc wizard hits you with the +6 long sword of the Open Hand {speed, *Rage *Slow rCorr Stlth+}!
* * * LOW HITPOINT WARNING * * *
The orc wizard barely misses you.
Unknown command.
You feel much better.
The orc wizard hits you with the +6 long sword of the Open Hand {speed, *Rage *Slow rCorr Stlth+}.
The orc wizard completely misses you.
You barely miss the orc wizard.
The orc wizard hits you with the +6 long sword of the Open Hand {speed, *Rage *Slow rCorr Stlth+}. x2
The orc wizard hits you with the +6 long sword of the Open Hand {speed, *Rage *Slow rCorr Stlth+}!
You closely miss the orc wizard. You block the orc wizard's attack.
The orc wizard hits you but does no damage.
You sock the orc wizard!
The orc wizard is heavily wounded.
The orc wizard hits you with the +6 long sword of the Open Hand {speed, *Rage *Slow rCorr Stlth+}!
* * * LOW HITPOINT WARNING * * *
The orc wizard hits you with the +6 long sword of the Open Hand {speed, *Rage *Slow rCorr Stlth+}!
You die...

##.#.# ##.......#.####
##....###..............
#.......'....[.>.......
##....###.........####.
##.#.# ##.......##
###.# ##.....## #.#
##...## #.# ##'#######
#.# #.oo@...# ..#
#..####.# #..# ....#
#..... ##...# ##..#
##.#


You could see an orc wizard (berserk) and an orc.

Vanquished Creatures
  An ogre (D:4)
  A phantom (D:5)
  A hound (D:5)
  Crazy Yiuf (D:2)
  Jessica (D:2)
  Terence (D:2)
  An orc wizard (D:5)
  5 adders
  A white imp (D:5)
  2 worms
  5 dart slugs
  7 orcs
  8 endoplasms
  14 giant cockroaches
  3 goblins
  6 hobgoblins
  4 quokkas
  11 ball pythons
  2 bats
  3 frilled lizards
  9 kobolds
  4 rats
91 creatures vanquished.

Notes
Turn   | Place    | Note
-------+----------+-------------------------------------------
     0 | D:1      | Ijustatesigmund the Gargoyle Fighter began the quest for
                  | the Orb.
     0 | D:1      | Reached XP level 1. HP: 14/14 MP: 1/1
   186 | D:1      | Reached XP level 2. HP: 17/19 MP: 2/2
   380 | D:1      | Found Ykoum's Antique Weapon Boutique.
   450 | D:1      | Reached XP level 3. HP: 24/24 MP: 3/3
   452 | D:1      | Reached skill level 4 in Fighting
  1124 | D:2      | Found a faded altar of an unknown god.
  1168 | D:2      | Reached XP level 4. HP: 28/30 MP: 4/4
  1290 | D:2      | Noticed Jessica
  1296 | D:2      | Killed Jessica
  1533 | D:2      | Found a runed translucent door.
  1534 | D:2      | Noticed Crazy Yiuf
  1536 | D:2      | Noticed Terence
  1541 | D:2      | Killed Crazy Yiuf
  1542 | D:2      | Reached skill level 5 in Fighting
  1542 | D:2      | Reached XP level 5. HP: 13/35 MP: 5/5
  1544 | D:2      | Killed Terence
  2497 | D:4      | Noticed an ogre
  2503 | D:4      | Killed an ogre
  2504 | D:4      | Reached XP level 6. HP: 14/40 MP: 6/6
  2785 | D:4      | Found a stormy altar of Qazlal.
  2814 | D:4      | Got the Meditations on Putrid Battling
  2895 | D:4      | Found Hudgh's Antique Weapon Shoppe.
  3188 | D:5      | Entered Level 5 of the Dungeon
  3271 | D:5      | Identified the +6 long sword of the Open Hand {speed, *Rage
                  | *Slow rCorr Stlth+}
  3315 | D:5      | Reached skill level 6 in Fighting
  3315 | D:5      | Reached XP level 7. HP: 17/46 MP: 7/7
  3319 | D:5      | Slain by an orc wizard

Illustrated notes

Levels and vault maps discovered:
D:1:      scummos_arrival_simple_crosswalls, layout_basic, serial_shops,
          nicolae_shop_window_shopping, amcnicky_mini_pool_small,
          dk_noncrumbling_4, nicolae_figureground_sparkle
D:2:      minmay_roachtagon, layout_basic, basic_ecumenical_altar, uniq_jessica,
          uniq_crazy_yiuf_cottage, uniq_terence
D:3:      layout_loops_corners
D:4:      layout_loops_cross, lemuel_crystal_altar, serial_shops, shop
D:5:      layout_loops_corners, serial_glass, glass_columns_b, glass_columns_a,
          uniq_sigmund
D:6:      nicolae_cairo_tiling_large_dashed, layout_loops_corners,
          nicolae_overflow_crystal_walls,
          nicolae_hepliaklqana_ecumenical_no_more, minmay_temple_entry_fiery

Skill      XL: |  1  2  3  4  5  6 |
---------------+-------------------+-----
Fighting       | 4 5 6 |  6.0
Maces & Flails | 3 4 |  4.9
Armour         | 4 |  4.6
Shields        | |  3.2

Action                   |  1- 3 |  4- 6 |  7- 9 || total
-------------------------+-------+-------+-------++-------
Melee: Flail             |   133 |   138 |     4 ||   275
  Use: Potion            |       |     3 |     1 ||     4
       Scroll            |       |    15 |       ||    15
Armor: Chain mail        |    74 |    87 |     1 ||   162
       Scale mail        |     7 |       |       ||     7
Dodge: Dodged            |    58 |    56 |     2 ||   116
Block: Buckler           |    34 |    31 |     1 ||    66

Table legend: (Time is in decaauts)
 A = Elapsed time spent in this place.
 B = Non-inter-level travel time spent in this place.
 C = Inter-level travel time spent in this place.
 D = Time resting spent in this place.
 E = Time spent auto-exploring this place.
 F = Levels seen in this place.
 G = Mean time per level.
                   A        B        C        D        E       F      G
               +--------+--------+--------+--------+--------+-----+--------+
         Total |   3392 |   3285 |    107 |     39 |   2572 |   6 |  565.3 |
       Dungeon |   3392 |   3285 |    107 |     39 |   2572 |   6 |  565.3 |
               +--------+--------+--------+--------+--------+-----+--------+

Top non-repeatable levels by time:
     D:1: 940 daAuts
     D:3: 833 daAuts
     D:2: 776 daAuts
     D:4: 703 daAuts
     D:5: 137 daAuts
     D:6: 1 daAuts
